 Dungeon Crawl Stone Soup version 0.30-a0-12-gd8047c6341 (webtiles) character file.

Game seed: 15785699049825271828

52 siradein the Trooper (level 3, 0/30 HPs)
             Began as a Demonspawn Chaos Knight on Aug 24, 2022.
             Was a Plaything of Xom.
             Slain by Terence
             ... wielding a +0 short sword of flaming
              (1 damage)
             ... on level 2 of the Dungeon.
             The game lasted 00:03:03 (1755 turns).

siradein the Trooper (Demonspawn Chaos Knight)      Turns: 1755, Time: 00:03:04

Health: 0/30       AC:  5    Str: 14    XL:     3   Next: 60%
Magic:  0/3        EV: 11    Int: 13    God:    Xom [*.....]
Gold:   89         SH:  0    Dex: 12    Spells: 2/2 levels left

rFire   . . .      SeeInvis .    e - +0 spear
rCold   . . .      Faith    .    (no shield)
rNeg    . . .      Spirit   +    b - +2 leather armour
rPois   +          Reflect  .    (helmet restricted)
rElec   .          Harm     .    (no cloak)
rCorr   .          Rampage  .    (no gloves)
Will    .....                    (no boots)
Stlth   +.........               (no amulet)
HPRegen 0.10/turn                (no ring)
MPRegen 0.16/turn                (no ring)

@: no status effects
A: magic shield, magic regeneration, horns 2, poison resistance
a: Renounce Religion


You were on level 2 of the Dungeon.
You worshipped Xom.
You were a special plaything of Xom.
You visited 1 branch of the dungeon, and saw 2 of its levels.

You collected 89 gold pieces.

Inventory:

Hand Weapons
 e - a +0 spear (weapon)
Armour
 b - a +2 leather armour (worn)
Wands
 k - a wand of mindburst (13)
Scrolls
 d - a scroll of blinking {unknown}
 f - 2 scrolls of identify {unknown}
 h - a scroll of brand weapon {unknown}
 j - a scroll of fear {unknown}
Potions
 a - a potion of mutation {unknown}
 g - a potion of curing {unknown}
 i - a potion of haste {unknown}
Miscellaneous
 c - a piece from Xom's chessboard (10/15) (quivered)


   Skills:
 + Level 3.9 Fighting
 + Level 3.5 Polearms
 - Level 1.7 Armour
 - Level 0.8 Dodging


You had 2 spell levels left.
You didn't know any spells.
Your spell library contained the following spells:

 Spells                   Type           Power      Damage    Failure   Level
 Beastly Appendage        Tmut           0%         N/A       36%         1
 Wereblood                Tmut           0%         N/A       50%         2
 Ignite Poison            Fire/Tmut/Pois 0%         N/A       75%         3
 Mephitic Cloud           Conj/Pois/Air  0%         N/A       75%         3
 Spider Form              Tmut/Pois      0%         N/A       75%         3
 Freezing Cloud           Conj/Ice/Air   0%         6-21      100%        5
 Dispersal                Tloc           0%         N/A       100%        6
 Disjunction              Tloc           0%         N/A       100%        8


Dungeon Overview and Level Annotations

Branches:
Dungeon (2/15)

Altars:
Xom

Annotations:
D:2 Terence


Innate Abilities, Weirdness & Mutations

When hurt, damage is shared between your health and your magic reserves.
You regenerate magic rapidly.
You have a pair of horns on your head.
Your system is resistant to poisons. (rPois)


Message History

Something hits you but does no damage. The worm misses you.
You hit the worm. You headbutt the worm.
The worm is heavily wounded.
Something completely misses you. Terence barely misses you.
You hit the worm but do no damage.
The worm is heavily wounded.
Something hits you. Terence completely misses you.
The worm completely misses you.
Xom is amused.
The worm completely misses itself.
Something hits you but does no damage.
You hit the worm.
The worm is heavily wounded.
Something hits you but does no damage. Terence closely misses you.
You catch the helpless worm completely off-guard!
You hit the worm.
The worm is severely wounded.
Something hits you but does no damage. x2; Terence barely misses you.
You hit the worm but do no damage.
The worm is severely wounded.
Something hits you but does no damage.
Terence hits you with a +0 short sword of flaming.
* * * LOW HITPOINT WARNING * * *
Terence burns you.
* * * LOW HITPOINT WARNING * * *
The worm bites you but does no damage.
You hit the worm. You headbutt the worm.
You kill the worm!
Terence hits you with a +0 short sword of flaming.
* * * LOW HITPOINT WARNING * * *
Terence burns you.
* * * LOW HITPOINT WARNING * * *
Unknown command.
Terence attacks as you move away! Terence hits you but does no damage.
Something hits you but does no damage. Terence screams, "I want your blood!"
Terence attacks as you move away!
Terence hits you with a +0 short sword of flaming.
* * * LOW HITPOINT WARNING * * *
Terence burns you.
You die...

..#.....
.....................
###................!..#
.............#...... .#
####........##....# ..#
...+........##..$.#...#
...#........##....#...#.
...#........##.........#
...............§@☼..#
......###.......@†..#
......# #......☼.{......
...######............#..
..#.........###....#>...
..#.........# ..........
###.........##......_...
...........##..........
...........##.###.#...


You could see Terence.

Vanquished Creatures
  A gnoll (D:1)
  A worm (D:2)
  2 dart slugs (D:1)
  6 ball pythons
  3 bats (D:1)
  4 endoplasms (D:1)
  A giant cockroach (D:2)
  2 hobgoblins
  6 kobolds
  A quokka (D:1)
  2 frilled lizards
  A goblin (D:2)
  5 rats
35 creatures vanquished.

Notes
Turn   | Place    | Note
-------+----------+-------------------------------------------
     0 | D:1      | siradein the Demonspawn Chaos Knight began the quest for
                  | the Orb.
     0 | D:1      | Reached XP level 1. HP: 18/18 MP: 1/1
   109 | D:1      | XOM: silly message
   241 | D:1      | XOM: 1-stop teleportation journey
   305 | D:1      | Gained mutation: You regenerate magic rapidly. [demonic
                  | ancestry]
   305 | D:1      | Reached XP level 2. HP: 24/24 MP: 2/2
   329 | D:1      | XOM: fog
   723 | D:1      | Gained mutation: When hurt, damage is shared between your
                  | health and your magic reserves. [demonic ancestry]
   723 | D:1      | Reached XP level 3. HP: 12/29 MP: 3/3
   743 | D:1      | XOM: scenery: summon butterflies
  1080 | D:1      | XOM: give mutations
  1080 | D:1      | Gained mutation: You have a pair of small horns on your
                  | head. [Xom's grace]
  1080 | D:1      | Gained mutation: You have a pair of horns on your head.
                  | [Xom's grace]
  1080 | D:1      | Gained mutation: Your system is resistant to poisons.
                  | (rPois) [Xom's grace]
  1559 | D:1      | XOM: divination: magic mapping
  1727 | D:2      | Noticed Terence
  1734 | D:2      | XOM: scenery: create altars
  1735 | D:2      | XOM: smoke on damage
  1755 | D:2      | HP: 1/30 [Terence/+0 short sword of flaming (1)]
  1755 | D:2      | Slain by Terence

Illustrated notes

Levels and vault maps discovered:
D:1:      matt_arrival_grand_opening, layout_basic, minmay_three_crescents
D:2:      layout_basic, shapermc_ecumenical_altar_starsandcircs,
          amethyst_killhole, grunt_decor_junction, uniq_terence

Skill      XL: |  1 |
---------------+----+-----
Polearms       | 3 |  3.5
Fighting       | |  3.9
Armour         | |  1.7
Dodging        | |  0.8

Action                   || total
-------------------------++-------
Melee: Spear             ||   171
       Headbutt          ||     7
       Punch             ||     1
Evoke: Piece from Xom's  ||     5
 Stab: Confused          ||     2
Armor: Leather armour    ||    59
Dodge: Dodged            ||   101

Table legend: (Time is in decaauts)
 A = Elapsed time spent in this place.
 B = Non-inter-level travel time spent in this place.
 C = Inter-level travel time spent in this place.
 D = Time resting spent in this place.
 E = Time spent auto-exploring this place.
 F = Levels seen in this place.
 G = Mean time per level.
                   A        B        C        D        E       F      G
               +--------+--------+--------+--------+--------+-----+--------+
         Total |   1744 |   1695 |     49 |      0 |   1392 |   2 |  872.0 |
       Dungeon |   1744 |   1695 |     49 |      0 |   1392 |   2 |  872.0 |
               +--------+--------+--------+--------+--------+-----+--------+

Top non-repeatable levels by time:
     D:1: 1618 daAuts
     D:2: 126 daAuts
